 Dungeon Crawl Stone Soup version 0.20.1-1-g8b1a95d (webtiles) character file.

7585 equalderp2856 the Cleaver (level 10, -1/89 HPs)
             Began as a Minotaur Fighter on Aug 22, 2017.
             Slain by a harpy (8 damage)
             ... on level 10 of the Dungeon.
             The game lasted 00:22:13 (9275 turns).

equalderp2856 the Cleaver (Minotaur Fighter)        Turns: 9275, Time: 00:22:14

Health: -1/89      AC: 13    Str: 25 (26) XL:     10   Next: 97%
Magic:  9/9        EV: 19    Int:  3 (6)  God:
Gold:   657        SH: 12    Dex: 14 (17) Spells: 9/9 levels left

rFire    . . .     SeeInvis .   a - +1 war axe
rCold    . . .     Gourm    .   c - +0 shield
rNeg     . . .     Faith    .   G - +5 leather armour of the Voivode {Regen+}
rPois    .         Spirit   .   (helmet restricted)
rElec    .         Reflect  .   (no cloak)
rCorr    .         Harm     .   l - +0 pair of gloves
MR       .....                  x - +2 pair of boots {Stlth+}
Stlth    ++++......             (no amulet)
Regen    0.7/turn               (no ring)
MPRegen  0.2/turn               (no ring)

@: mighty, agile
A: retaliatory headbutt, horns 2
a: no special abilities


You were on level 10 of the Dungeon.
You were hungry.

You visited 1 branch of the dungeon, and saw 10 of its levels.

You collected 657 gold pieces.

Inventory:

Hand Weapons
 a - a +1 war axe (weapon)
 C - a +0 trident
 O - a +0 blowgun
 Q - a +0 hand crossbow
 S - a +2 dagger of distortion
 Y - a cursed -2 hand crossbow
Missiles
 q - 52 poisoned needles
 z - 66 bolts
 H - 2 curare-tipped needles
 I - 5 tomahawks of returning (quivered)
Armour
 b - a +0 scale mail
 c - a +0 shield (worn)
 g - a +0 chain mail
 l - a +0 pair of gloves (worn)
 s - a +0 pair of boots
 x - a +2 pair of boots of stealth (worn)
 A - a +0 buckler
 B - a +0 scale mail
 G - the +5 leather armour of the Voivode (worn) {Regen+}
   (You took it off an orc priest on level 6 of the Dungeon)

   It increases your rate of regeneration.
 U - a cursed +0 leather armour
 W - a +0 cloak
Jewellery
 p - an uncursed ring of protection from fire {unknown}
 v - a +5 ring of strength {unknown}
 X - an uncursed ring of fire {unknown}
Wands
 j - a wand of flame (48/48)
 t - a wand of confusion (31/48)
 M - a wand of random effects (21/48)
 N - a wand of disintegration (11/24)
Scrolls
 k - 7 scrolls of identify
 m - 2 scrolls of fear
 w - 4 scrolls of remove curse
 y - a scroll of teleportation
 E - 2 scrolls of recharging
 J - a scroll of fog
 Z - a scroll of immolation {unknown}
Potions
 d - a potion of might
 e - a potion of magic {unknown}
 h - a potion of lignification {unknown}
 i - 2 potions of agility
 n - 2 potions of curing
 o - a potion of degeneration
 r - a potion of cancellation {unknown}
 F - a potion of ambrosia {unknown}
 K - a potion of resistance {unknown}
 P - a potion of haste {unknown}
 R - a potion of invisibility {unknown}
 T - a potion of heal wounds {unknown}
 V - a potion of mutation {unknown}
Books
 D - a book of Changes

   Spells                             Type                      Level
   a - Beastly Appendage              Transmutation                1
   b - Sticks to Snakes               Transmutation                2
   c - Spider Form                    Transmutation/Poison         3
   d - Ice Form                       Ice/Transmutation            4
   e - Blade Hands                    Transmutation                5
 L - a book of Callings

   Spells                             Type                      Level
   a - Summon Small Mammal            Summoning                    1
   b - Call Imp                       Summoning                    2
   c - Call Canine Familiar           Summoning                    3
   d - Summon Guardian Golem          Hexes/Summoning              3
   e - Summon Lightning Spire         Summoning/Air                4
   f - Summon Ice Beast               Ice/Summoning                4
Comestibles
 f - 10 bread rations
 u - 3 meat rations


   Skills:
 + Level 8.3 Fighting
 + Level 12.5 Axes
 + Level 8.4 Armour
 + Level 5.8 Dodging
 + Level 2.4 Stealth
 + Level 9.8 Shields


You had 9 spell levels left.
You didn't know any spells.

Dungeon Overview and Level Annotations

Branches:
Dungeon (10/15)            Temple (0/1) D:7            Lair (0/6) D:9
    Orc (0/2) D:10

Altars:
Cheibriados
Dithmenos
Elyvilon
Fedhas
Gozag
Nemelex Xobeh
Ru
Uskayaw
The Shining One

Annotations:
D:4 ThereIsNoGod's ghost, novice DsAK
D:7 4 runed doors


Innate Abilities, Weirdness & Mutations

You reflexively headbutt those who attack you in melee.
You have a pair of horns on your head.


Message History

You slash the harpy!
The harpy is heavily wounded.
You block the harpy's attack. The harpy claws you but does no damage.
You slash the harpy!
The harpy is almost dead.
The harpy claws you!
* * * LOW HITPOINT WARNING * * *
The harpy claws you but does no damage. The harpy barely misses you. x2
Okay, then.
It was a potion of agility.
You feel agile all of a sudden. The harpy claws you.
* * * LOW HITPOINT WARNING * * *
The harpy closely misses you.
It was a potion of degeneration.
There was something very wrong with that liquid.
You feel weakened.
You feel dopey.
You feel clumsy. You block the harpy's attack. The harpy closely misses you.
The harpy claws you!
You die...

##.##.##.##..# #.
##.###.###.##.# ##
##.####.####.###
#.###.....###.# #.#
#..⌠..# #.# #.# #....[#
#.# #.# #.....# #.# #.#
#..⌠..# #.# #.# #..@..#
#.# #.# ###H### #.#
#.####...####.#
##..##...##..##
#...#(.?#...#
##..##$##..############
##..#?#..## #.........
### ##.###.##
##.######## #.##
##.#.## ##..#


You could see a harpy.

Vanquished Creatures
  A centaur warrior (D:10)
  A two-headed ogre (D:10)
  An unseen horror (D:9)
  A centaur zombie (D:10)
  Prince Ribbit (D:9)
  A hippogriff (D:6)
  A spriggan (D:7)
  A vampire (D:9)
  A yak (D:10)
  A wraith (D:6)
  A hungry ghost (D:7)
  Edmund (D:4)
  2 black bears
  A sky beast (D:10)
  7 orc warriors
  3 ice beasts
  7 ogres
  5 centaurs
  A big kobold (D:9)
  3 bullfrogs
  5 scorpions
  A water moccasin skeleton (D:7)
  4 killer bees (D:10)
  4 wights (D:7)
  3 howler monkeys (D:8)
  A bullfrog zombie (D:10)
  6 crimson imps
  A quasit (D:6)
  2 jellies
  7 orc priests
  A bullfrog skeleton (D:10)
  7 orc wizards
  A centaur skeleton (D:7)
  3 iguanas
  2 worker ants
  A hound skeleton (D:10)
  A worker ant zombie (D:10)
  A gnoll (D:6)
  8 adders
  3 shadow imps
  An ooze (D:4)
  2 worms
  2 adder skeletons (D:6)
  4 leopard geckos
  30 orcs
  A ball python (D:6)
  4 bats
  3 giant cockroaches
  3 goblins
  A hobgoblin (D:1)
  16 jackals
  8 kobolds
  4 quokkas
  5 frilled lizards
  A jackal skeleton (D:6)
  A leopard gecko zombie (D:6)
  A quokka skeleton (D:8)
  A quokka zombie (D:6)
  2 rats (D:3)
193 creatures vanquished.

Notes
Turn   | Place    | Note
-------+----------+-------------------------------------------
     0 | D:1      | equalderp2856 the Minotaur Fighter began the quest for the Orb.
     0 | D:1      | Reached XP level 1. HP: 19/19 MP: 0/0
     6 | D:1      | Noticed a killer bee
     6 | D:1      | Noticed a lindwurm
     6 | D:1      | Noticed a polar bear
     7 | D:1      | Noticed an anaconda
     7 | D:1      | Noticed a wolf
   217 | D:1      | Reached XP level 2. HP: 26/27 MP: 1/1
   652 | D:2      | Found a faded altar of an unknown god.
   918 | D:3      | Found a glowing golden altar of the Shining One.
  1070 | D:3      | Reached XP level 3. HP: 30/33 MP: 2/2
  1374 | D:3      | Reached skill level 3 in Axes
  1423 | D:4      | Found a sparkling altar of Nemelex Xobeh.
  1533 | D:4      | Found an opulent altar of Gozag.
  1570 | D:4      | Noticed Edmund
  2048 | D:4      | Killed Edmund
  2048 | D:4      | Reached XP level 4. HP: 18/41 MP: 3/3
  2048 | D:4      | Reached XP level 5. HP: 21/47 MP: 4/4
  2249 | D:4      | Found a sacrificial altar of Ru.
  2255 | D:4      | Noticed ThereIsNoGod's ghost (novice DsAK)
  2269 | D:4      | Reached skill level 4 in Axes
  2511 | D:4      | Reached skill level 5 in Armour
  2511 | D:4      | Reached skill level 1 in Dodging
  2570 | D:4      | Noticed an ogre
  2577 | D:4      | Killed an ogre
  2577 | D:4      | Reached XP level 6. HP: 53/53 MP: 5/5
  2755 | D:5      | Entered Level 5 of the Dungeon
  3137 | D:5      | Noticed an ice beast
  3151 | D:5      | Killed an ice beast
  3151 | D:5      | Reached skill level 5 in Fighting
  3151 | D:5      | Reached skill level 5 in Axes
  3151 | D:5      | Reached skill level 5 in Shields
  3642 | D:6      | Noticed an orc warrior
  3684 | D:6      | Killed an orc warrior
  3684 | D:6      | Reached XP level 7. HP: 14/61 MP: 6/6
  4384 | D:6      | Reached skill level 6 in Axes
  4689 | D:6      | Reached skill level 7 in Axes
  4689 | D:6      | Reached XP level 8. HP: 64/69 MP: 7/7
  5006 | D:6      | Found a shadowy altar of Dithmenos.
  5024 | D:6      | Reached skill level 8 in Axes
  5069 | D:6      | Reached skill level 1 in Stealth
  5107 | D:6      | Found a hide-covered altar of Uskayaw.
  5310 | D:6      | Noticed a hippogriff
  5389 | D:6      | Killed a hippogriff
  5633 | D:6      | Found an opulent altar of Gozag.
  5905 | D:6      | Got a jade-encrusted leather armour
  5918 | D:6      | Identified the +5 leather armour of the Voivode {Regen+} (You took it off an orc priest on level 6 of the Dungeon)
  6044 | D:7      | Reached XP level 9. HP: 76/77 MP: 8/8
  6076 | D:7      | Reached skill level 9 in Axes
  6102 | D:7      | Found a huge runed gate.
  6103 | D:7      | Found a huge runed gate.
  6103 | D:7      | Found a huge runed gate.
  6103 | D:7      | Found a huge runed gate.
  6104 | D:7      | Noticed a manticore
  6113 | D:7      | Noticed a polar bear
  6276 | D:7      | Found a snail-covered altar of Cheibriados.
  6388 | D:7      | Found a staircase to the Ecumenical Temple.
  6595 | D:8      | Found a blossoming altar of Fedhas.
  6652 | D:8      | Reached skill level 10 in Axes
  7171 | D:9      | Noticed Prince Ribbit
  7188 | D:9      | Killed Prince Ribbit
  7328 | D:9      | Killed an unseen horror
  7328 | D:9      | Reached skill level 11 in Axes
  7328 | D:9      | Reached XP level 10. HP: 73/86 MP: 9/9
  7376 | D:9      | Found a white marble altar of Elyvilon.
  7429 | D:9      | Found a staircase to the Lair.
  8080 | D:10     | Entered Level 10 of the Dungeon
  8085 | D:10     | Found Peucvoos's Weapon Emporium.
  8085 | D:10     | Found a staircase to the Orcish Mines.
  8482 | D:10     | Reached skill level 5 in Dodging
  8502 | D:10     | Found a runed door.
  8914 | D:10     | Noticed a two-headed ogre
  8917 | D:10     | Reached skill level 12 in Axes
  8927 | D:10     | Killed a two-headed ogre
  9250 | D:10     | Noticed a centaur warrior
  9250 | D:10     | Noticed a harpy
  9264 | D:10     | Killed a centaur warrior
  9275 | D:10     | Slain by a harpy

Skill      XL: |  1  2  3  4  5  6  7  8  9 10 |
---------------+-------------------------------+-----
Fighting       | 4 5 6 7 8 |  8.3
Shields        | 4 5 6 7 8 9 |  9.8
Axes           | 3 4 5 7 8 11 12 | 12.5
Armour         | 4 5 6 8 |  8.4
Dodging        | 1 2 4 5 |  5.8
Stealth        | 1 2 |  2.4

Action                   |  1- 3 |  4- 6 |  7- 9 | 10-12 || total
-------------------------+-------+-------+-------+-------++-------
Melee: War axe           |   105 |    90 |   342 |   159 ||   696
       Headbutt          |    19 |    18 |    72 |    40 ||   149
  Use: Scroll            |     4 |     6 |     1 |       ||    11
       Potion            |       |       |       |     3 ||     3
 Stab: Distracted        |       |       |     1 |       ||     1
       Sleeping          |       |       |     1 |       ||     1
  Eat: Chunk             |     2 |     5 |     9 |     6 ||    22
       Fruit             |       |     1 |       |       ||     1
       Meat ration       |       |       |     1 |       ||     1
Armor: Scale mail        |    46 |    21 |       |       ||    67
       Chain mail        |       |    10 |    81 |       ||    91
       Leather armour    |       |       |    58 |    64 ||   122
Dodge: Dodged            |    34 |    17 |   110 |    83 ||   244
Block: Shield            |    57 |    44 |   203 |   106 ||   410
